 Dungeon Crawl Stone Soup version 0.26-a0-652-gafc20e3620 (webtiles) character file.

Game seed: 15121388311845426496

17166 oldriver the Destroyer (level 12, -1/67 HPs)
             Began as a Gargoyle Fire Elementalist on Oct 2, 2020.
             Slain by a skeletal warrior
             ... wielding a +0 trident
             ... led by a skeletal warrior
              (19 damage)
             ... on level 12 of the Dungeon on Oct 3, 2020.
             The game lasted 00:48:10 (21273 turns).

oldriver the Destroyer (GrFE)                      Turns: 21273, Time: 00:48:10

Health: -1/67      AC: 14    Str: 12    XL:     12   Next: 45%
Magic:  0/36       EV: 12    Int: 21    God:
Gold:   1182       SH:  0    Dex: 10    Spells: 18/34 levels left

rFire    + + .     SeeInvis .   s - +4 dagger
rCold    . . .     Faith    .   (no shield)
rNeg     + . .     Spirit   .   a - +0 robe
rPois    ∞         Reflect  .   t - +2 helmet
rElec    +         Harm     .   o - scarf {rC+ rF+}
rCorr    .         Rampage  .   (no gloves)
MR       .....                  (no boots)
Stlth    ++........             I - amulet of magic regeneration
HPRegen  0.21/turn              k - ring of fire
MPRegen  0.50/turn              i - ring of magical power

@: no status effects
A: negative energy resistance 1, electricity resistance, unbreathing,
petrification resistance, rot immunity, AC +8
a: no special abilities


You were on level 12 of the Dungeon.
You visited 1 branch of the dungeon, and saw 12 of its levels.
You also visited: Sewer, Ossuary and Ice Cave.

You collected 1226 gold pieces.
You spent 44 gold pieces at shops.

Inventory:

Hand Weapons
 s - a +4 dagger (weapon)
Armour
 a - a +0 robe (worn)
 o - a scarf of resistance (worn)
 t - a +2 helmet (worn)
Magical Staves
 J - an uncursed staff of air
Jewellery
 i - a ring of magical power (right hand)
 k - a ring of fire (left hand)
 m - a +4 ring of evasion
 G - an uncursed ring of ice
 H - an uncursed ring of protection from cold
 I - an amulet of magic regeneration (around neck)
Wands
 v - a wand of digging (5)
 x - a wand of flame (14)
 y - a wand of random effects (43)
 B - a wand of iceblast (10)
 D - a wand of disintegration (7)
 M - a wand of acid (7)
Scrolls
 b - 2 scrolls of amnesia
 d - 10 scrolls of identify
 e - 5 scrolls of enchant weapon
 f - 2 scrolls of fog
 h - 4 scrolls of remove curse
 j - 7 scrolls of teleportation
 z - 3 scrolls of magic mapping
 A - a scroll of blinking
Potions
 c - 2 potions of invisibility
 g - 2 potions of brilliance {unknown}
 l - 2 potions of lignification
 n - a potion of magic {unknown}
 p - 5 potions of flight
 q - 2 potions of curing
 r - 3 potions of berserk rage {unknown}
 u - 2 potions of might {unknown}
 w - 2 potions of stabbing {unknown}
 C - 3 potions of cancellation {unknown}
 E - a potion of mutation {unknown}
 F - 3 potions of haste {unknown}
Miscellaneous
 L - a tin of tremorstones (3/3)


   Skills:
 + Level 4.6 Fighting
 + Level 2.1 Armour
 - Level 2.7 Dodging
 - Level 3.5 Stealth
 * Level 11.6 Spellcasting
 * Level 11.9 Conjurations
 + Level 9.8 Fire Magic
 - Level 0.1 Air Magic
 - Level 0.1 Poison Magic


You had 18 spell levels left.
You knew the following spells:

 Your Spells              Type           Power        Failure   Level
a - Foxfire               Conj/Fire      ####         1%          1
b - Conjure Flame         Conj/Fire      ######..     1%          3
c - Sticky Flame          Conj/Fire      ######..     1%          4
d - Fireball              Conj/Fire      ######....   1%          5
e - Mephitic Cloud        Conj/Pois/Air  ####....     3%          3

Your spell library contained the following spells:

 Spells                   Type           Power        Failure   Level
 Magic Dart               Conj           ####         1%          1
 Dazzling Flash           Conj/Hex       #####.       1%          3
 Inner Flame              Hex/Fire       #####...     2%          3
 Hailstorm                Conj/Ice       #####...     4%          4
 Corona                   Hex            ##.....      5%          1
 Freeze                   Ice            ##..         5%          1
 Summon Small Mammal      Summ           ##..         5%          1
 Blink                    Tloc           N/A          9%          2
 Call Imp                 Summ           ##......     9%          2
 Ensorcelled Hibernation  Hex/Ice        ##....       9%          2
 Slow                     Hex            ##......     9%          2
 Call Canine Familiar     Summ           ##......     16%         3
 Confusing Touch          Hex            ##......     16%         3
 Frozen Ramparts          Ice            ##....       16%         3
 Ozocubu's Armour         Ice            ##......     16%         3
 Summon Guardian Golem    Hex/Summ       ##......     16%         3
 Tukima's Dance           Hex            ##......     16%         3
 Ice Form                 Ice/Tmut       ##......     47%         4
 Summon Ice Beast         Ice/Summ       ##......     47%         4
 Summon Lightning Spire   Summ/Air       ##......     47%         4
 Metabolic Englaciation   Hex/Ice        ##........   83%         5
 Freezing Cloud           Conj/Ice/Air   ####......   85%         6
 Ozocubu's Refrigeration  Ice            ##........   100%        6
 Simulacrum               Ice/Necr       ##........   100%        6


Dungeon Overview and Level Annotations

Branches:
Dungeon (12/15)              Lair (0/6) D:9           Sewer (visited)
Ossuary (visited)           IceCv (visited)
 Temple: D:4-7          Orc: D:9-12

Altars:
Dithmenos
Elyvilon
Fedhas
Hepliaklqana
Nemelex Xobeh
Okawaru
Ru
Xom

Shops:
D:4 *   D:7 (   D:12 [


Innate Abilities, Weirdness & Mutations

You are resistant to torment.
Your stone body is resilient. (AC +8)
You are immune to poison.
You resist negative energy. (rN+)
You are resistant to electric shocks. (rElec)
You can survive without breathing.
You are immune to petrification.
You are immune to rotting.


Message History

The skeletal warrior is almost destroyed.
The foxfire hits the skeletal warrior.
The skeletal warrior is almost destroyed.
The skeletal warrior hits you from afar with a +0 trident!
* * * LOW HITPOINT WARNING * * *
You feel better. The skeletal warrior barely misses you.
Casting: Foxfire (safe; 1% risk of failure)
Confirm with . or Enter, or press ? or * to list all spells.
You feel a surge of power!
You conjure some foxfire!
The skeletal warrior hits you from afar with a +0 trident!
* * * LOW HITPOINT WARNING * * *
Casting: Foxfire (safe; 1% risk of failure)
Confirm with . or Enter, or press ? or * to list all spells.
You feel a surge of power!
You conjure some foxfire!
The foxfire hits the skeletal warrior.
The skeletal warrior is almost destroyed.
The foxfire hits the skeletal warrior but does no damage.
The skeletal warrior is almost destroyed.
The skeletal warrior hits you from afar with a +0 trident!!
You die...

#..............
#...............
#...............
#...............
#...............
#...............
#.......z.......
#......)v.......
#.......@§......
#.......v§......
################


You could see a skeletal warrior.

Vanquished Creatures
  A frost giant (IceCv)
  A centaur warrior (D:9)
  3 death yaks (IceCv)
  2 skeletal warriors (D:12)
  An ugly thing (D:9)
  A manticore (D:12)
  An ice statue (IceCv)
  Grinder (D:4)
  16 polar bears (IceCv)
  A hippogriff (D:9)
  16 yaks (IceCv)
  2 water moccasins (D:12)
  A hornet zombie (D:8)
  2 ice beasts
  2 phantoms
  A centaur (D:9)
  16 wolves (IceCv)
  5 ogres
  2 big kobolds
  A crocodile (D:10)
  7 bullfrogs
  2 scorpions
  2 water moccasin skeletons
  8 wights
  A centaur zombie (D:9)
  6 hounds
  A quasit (D:9)
  4 jellies
  5 centaur skeletons
  7 orc priests
  A gnoll shaman (D:4)
  A bullfrog skeleton (D:4)
  2 iguanas
  7 orc wizards
  6 worker ants
  8 mummies (Ossuary)
  13 adders
  17 gnolls
  4 river rats
  A shadow imp (D:10)
  16 white imps
  3 ufetubi
  2 oozes
  4 worms
  A dart slug (D:2)
  8 leopard geckos
  47 orcs
  4 ball pythons
  6 giant cockroaches
  7 goblins
  7 hobgoblins
  14 jackals
  17 kobolds
  3 quokkas
  7 bats
  8 frilled lizards
  A gnoll zombie (Ossuary)
  2 hobgoblin zombies (Ossuary)
  3 kobold zombies (Ossuary)
  3 orc zombies
  A quokka skeleton (D:6)
  A quokka zombie (D:7)
  10 rats
  2 butterflies (D:7)
356 creatures vanquished.

Vanquished Creatures (others)
  1996 foxfires
1996 creatures vanquished.

Grand Total: 2352 creatures vanquished

Notes
Turn   | Place    | Note
-------+----------+-------------------------------------------
     0 | D:1      | oldriver the Gargoyle Fire Elementalist began the quest for
                  | the Orb.
     0 | D:1      | Reached XP level 1. HP: 10/10 MP: 3/3
   217 | D:1      | Reached XP level 2. HP: 15/15 MP: 0/5
  1901 | D:2      | Reached XP level 3. HP: 19/19 MP: 0/6
  2110 | D:2      | Found a sparkling altar of Nemelex Xobeh.
  3101 | D:2      | Reached XP level 4. HP: 24/24 MP: 0/8
  3919 | D:2      | Learned a level 3 spell: Conjure Flame
  3924 | D:2      | Learned a level 4 spell: Sticky Flame
  4091 | D:3      | Reached XP level 5. HP: 27/28 MP: 1/9
  5681 | D:4      | Reached XP level 6. HP: 20/32 MP: 1/11
  5967 | D:4      | Reached skill level 5 in Fire Magic
  5978 | D:4      | Found a glowing drain.
  5988 | Sewer    | Entered a sewer
  6264 | Sewer    | Reached XP level 7. HP: 36/36 MP: 13/13
  6365 | Sewer    | Found a white marble altar of Elyvilon.
  7180 | D:4      | You fall into a shaft and drop 2 floors!
  7708 | D:6      | Reached skill level 5 in Spellcasting
  7818 | D:6      | Reached XP level 8. HP: 41/41 MP: 13/16
  8251 | D:5      | Entered Level 5 of the Dungeon
  8251 | D:5      | Found a sand-covered staircase.
  8257 | Ossuary  | Entered an ossuary
  8949 | D:4      | Found Umyteami's Assorted Antiques.
  8954 | D:4      | Bought a lumpy inky potion for 22 gold pieces
  8954 | D:4      | Bought a fizzy dark potion for 22 gold pieces
  8961 | D:4      | Noticed Grinder
  8981 | D:4      | Killed Grinder
  8981 | D:4      | Reached skill level 5 in Conjurations
  9949 | D:5      | Reached XP level 9. HP: 45/45 MP: 18/19
  9956 | D:5      | Learned a level 5 spell: Fireball
 10022 | D:5      | Found a shadowy altar of Dithmenos.
 10023 | D:5      | Found a hazy altar of Hepliaklqana.
 10567 | D:7      | Found a sacrificial altar of Ru.
 11219 | D:7      | Found a shimmering altar of Xom.
 11846 | D:7      | Found Aphan's Antique Weapon Boutique.
 13059 | D:6      | Found an iron altar of Okawaru.
 13633 | D:8      | Found an iron altar of Okawaru.
 13765 | D:8      | Noticed a two-headed ogre
 14508 | D:9      | Reached skill level 1 in Armour
 14819 | D:9      | Found a blossoming altar of Fedhas.
 14883 | D:9      | Found a white marble altar of Elyvilon.
 15247 | D:9      | Reached XP level 10. HP: 50/50 MP: 19/21
 15761 | D:9      | Found a staircase to the Lair.
 15882 | D:9      | Noticed a two-headed ogre
 15890 | D:9      | Noticed a centaur warrior
 16046 | D:9      | Killed a centaur warrior
 16046 | D:9      | Reached skill level 1 in Fighting
 16275 | D:9      | Noticed a cyan ugly thing
 16285 | D:9      | Killed a cyan ugly thing
 16441 | D:10     | Entered Level 10 of the Dungeon
 17889 | D:11     | Found a frozen archway.
 17901 | D:11     | Learned a level 3 spell: Mephitic Cloud
 17904 | IceCv    | Entered an ice cave
 18313 | IceCv    | Reached XP level 11. HP: 33/59 MP: 24/24
 18565 | IceCv    | Reached skill level 10 in Conjurations
 19031 | IceCv    | Reached skill level 10 in Spellcasting
 19616 | IceCv    | Noticed a death yak
 19616 | IceCv    | Noticed a death yak
 19743 | IceCv    | Killed a death yak
 19835 | IceCv    | Killed a death yak
 20114 | IceCv    | Reached XP level 12. HP: 64/67 MP: 26/26
 20168 | IceCv    | Noticed a frost giant
 20168 | IceCv    | Noticed a death yak
 20196 | IceCv    | Killed a death yak
 20570 | IceCv    | Killed a frost giant
 21133 | D:12     | Found Ejeon's Armour Shop.
 21269 | D:12     | HP: 3/67 [skeletal warrior/+0 trident[a skeletal warrior]
                  | (21)]
 21273 | D:12     | Slain by a skeletal warrior

Illustrated notes

Levels and vault maps discovered:
D:1:      dpeg_arrival_another_circle, layout_basic, item_on_display_a
D:2:      layout_basic, nemelex_xobeh_ov_fountains_minmay, hex_medium
D:3:      layout_loops_ring, st_stairs_6, minmay_starry_boxes
D:4:      layout_rooms, portal_sewer_entry_a, serial_shops,
          kennysheep_little_box, uniq_grinder
D:5:      layout_loops_ring, riverfiend_overflow_shadow_ancestor,
          enter_ossuary_1, minmay_misc_feat_secret_circle
D:6:      wad_pebble_path, layout_basic, nicolae_overflow_hidden_temple,
          lemuel_zombie_altar_yredelemnul, gammafunk_temple_overflow_wave,
          minmay_temple_entry_trees, minmay_mini_ossuary
D:7:      layout_loops_ring, xom_butterflies, serial_shops, shop,
          grunt_decor_fettered, chequers_serial_rivers_small_b,
          minmay_misc_feat_enclosed, nicolae_ru_awakened_eye
D:8:      layout_loops_corners, okawaru_altar_gauntlet_db
D:9:      minmay_the_grid_octo_tiled_squarecenter [minmay_the_grid_octo_chip,
          minmay_the_grid_octo_tetromino_candy, minmay_the_grid_octo_clover_2,
          minmay_the_grid_octo_fan_narrow,
          minmay_the_grid_square_5x5_megaprize_hollow,
          minmay_the_grid_square_5x5_minivault,
          minmay_the_grid_square_5x5_inner_z, minmay_the_grid_square_5x5_meh,
          minmay_the_grid_square_5x5_three_walls], layout_irregular_city,
          marbit_many_paths, fedhas_altar_3, lair_entry_dummy
D:10:     layout_roguey
D:11:     minmay_bubble_buster, layout_basic, portal_ice_cave_entry_imps
D:12:     layout_long_grid, minmay_orc_entry_temple_small, serial_shops, shop

Skill      XL: |  1  2  3  4  5  6  7  8  9 10 11 12 |
---------------+-------------------------------------+-----
Fire Magic     | 4 5 6 7 8 9 |  9.8
Spellcasting   | 3 4 5 6 7 9 10 11 | 11.6
Conjurations   | 2 3 4 5 8 9 11 | 11.9
Dodging        | 2 |  2.7
Stealth        | 3 |  3.5
Armour         | 1 2 |  2.1
Fighting       | 2 4 |  4.6
Air Magic      | |  0.1
Poison Magic   | |  0.1

Action                   |  1- 3 |  4- 6 |  7- 9 | 10-12 || total
-------------------------+-------+-------+-------+-------++-------
Melee: Unarmed           |    12 |       |       |       ||    12
       Dagger            |    12 |    69 |    76 |    65 ||   222
 Cast: Foxfire           |   137 |   228 |   745 |   356 ||  1466
       Conjure Flame     |       |     1 |    34 |    62 ||    97
       Sticky Flame      |       |       |     2 |    56 ||    58
       Fireball          |       |       |       |    36 ||    36
       Mephitic Cloud    |       |       |       |     4 ||     4
  Use: Scroll            |     2 |     4 |     9 |     4 ||    19
       Potion            |       |     3 |     8 |     2 ||    13
 Stab: Confused          |       |       |       |     1 ||     1
Armor: Robe              |    16 |    27 |    77 |    99 ||   219
       Skin              |       |       |    13 |       ||    13
Dodge: Dodged            |    39 |   114 |   121 |   167 ||   441

Table legend: (Time is in decaauts)
 A = Elapsed time spent in this place.
 B = Non-inter-level travel time spent in this place.
 C = Inter-level travel time spent in this place.
 D = Time resting spent in this place.
 E = Time spent auto-exploring this place.
 F = Levels seen in this place.
 G = Mean time per level.
                   A        B        C        D        E       F      G
               +--------+--------+--------+--------+--------+-----+--------+
         Total |  21307 |  20553 |    754 |   7131 |   9509 |  15 | 1420.5 |
       Dungeon |  17295 |  16541 |    754 |   5098 |   8496 |  12 | 1441.2 |
         Sewer |    473 |    473 |      0 |    220 |    164 |   1 |  473.0 |
       Ossuary |    612 |    612 |      0 |    213 |    275 |   1 |  612.0 |
      Ice Cave |   2925 |   2925 |      0 |   1600 |    574 |   1 | 2925.0 |
               +--------+--------+--------+--------+--------+-----+--------+

Top non-repeatable levels by time:
   IceCv: 2925 daAuts
     D:7: 2316 daAuts
     D:2: 2313 daAuts
     D:9: 2084 daAuts
     D:3: 2032 daAuts
     D:8: 1774 daAuts
     D:4: 1527 daAuts
     D:1: 1503 daAuts
     D:6: 1102 daAuts
     D:5: 999 daAuts
    D:10: 939 daAuts
 Ossuary: 612 daAuts
    D:11: 562 daAuts
   Sewer: 473 daAuts
    D:12: 139 daAuts
